 Dungeon Crawl Stone Soup version 0.31.0-9-g3a7656b989 (webtiles) character file.

Game seed: 13878653029787310520

37 Gottschkopf the Conjurer (level 3, 0/19 HPs)
             Began as a Deep Elf Conjurer on Feb 4, 2024.
             Was a Follower of Okawaru.
             Killed by divine providence
             ... invoked by an orc priest
              (11 damage)
             ... on level 3 of the Dungeon.
             The game lasted 00:02:08 (1250 turns).

Gottschkopf the Conjurer (Deep Elf Conjurer)        Turns: 1250, Time: 00:02:09

Health: 0/19       AC:  2    Str:  4    XL:     3   Next: 21%
Magic:  1/9        EV: 12    Int: 24    God:    Okawaru [*.....]
Gold:   81         SH:  0    Dex: 13    Spells: 5/8 levels left

rFire   . . .        d - +0 dagger
rCold   . . .        (no shield)
rNeg    . . .        a - +0 robe
rPois   .            (no helmet)
rElec   .            (no cloak)
rCorr   .            (no gloves)
SInv    .            (no boots)
Will    .....        (no amulet)
Stlth   ++           (no ring)
HPRegen 0.23/turn    (no ring)
MPRegen 0.11/turn

%: no passive effects
@: no status effects
A: no striking features
a: Renounce Religion, Heroism


You were on level 3 of the Dungeon.
You worshipped Okawaru.
Okawaru was aware of your devotion.
You visited 1 branch of the dungeon, and saw 3 of its levels.

You collected 81 gold pieces.

Inventory:

Hand Weapons
 d - a +0 dagger (weapon)
Armour
 a - a +0 robe (worn)
 h - a +2 leather armour of willpower
Scrolls
 c - 3 scrolls of teleportation {unknown}
 e - a scroll of noise {unknown}
 f - a scroll of enchant weapon {unknown}
 j - a scroll of fog {unknown}
Potions
 b - a potion of magic
 g - a potion of heal wounds {unknown}
 i - a potion of berserk rage {unknown}


   Skills:
 - Level 2.4 Dodging
 - Level 2.4 Stealth
 - Level 3.0 Spellcasting
 + Level 5.6 Conjurations


You had 5 spell levels left.
You knew the following spells:

 Your Spells              Type           Power      Damage    Failure   Level
a - Magic Dart            Conj           100%       1d8       1%          1
b - Searing Ray           Conj           60%        2d6       1%          2

Your spell library contained the following spells:

 Spells                   Type           Power      Damage    Failure   Level
 Fulminant Prism          Conj/Alch      8%         3d7       32%         4
 Iskenderun's Mystic Bla  Conj/Tloc      17%        2d5       32%         4


Dungeon Overview and Level Annotations

Branches:
Dungeon (3/15)

Altars:
Okawaru

Shops:
D:3 *


Message History

The magic dart hits the orc.
The orc is moderately wounded.
The orc shouts!
The orc priest shouts!
You hear a shout!
An orc comes into view. It is wielding a +0 dagger.
Casting: Magic Dart (safe; 1% risk of failure)
Confirm with . or Enter, or press ? or * to list all spells.
The magic dart hits the orc.
The orc is severely wounded.
Casting: Magic Dart (safe; 1% risk of failure)
Confirm with . or Enter, or press ? or * to list all spells.
Aiming: Searing Ray (safe; 1% risk of failure)
Press: ? - help, Shift-Dir - straight line, f - orc, p - orc
Aim: an orc, wielding a +0 dagger and wearing a +0 scale mail (82% to hit)
The searing ray hits the orc.
The orc is almost dead.
The searing ray hits the orc.
The orc is severely wounded. (Press . to maintain the ray.)
The orc hits you but does no damage.
The searing ray misses the orc.
The searing ray hits the orc but does no damage.
The orc is severely wounded.
The orc barely misses you.
The orc priest mumbles some strange prayers to Beogh against you.
Beogh smites you!
The searing ray hits the orc.
You kill the orc!
Okawaru accepts your kill.
The searing ray hits the orc!
You kill the orc!
Okawaru accepts your kill.
You finish channelling your searing ray.
Casting: Searing Ray (safe; 1% risk of failure)
Confirm with . or Enter, or press ? or * to list all spells.
The magic dart hits the orc priest!
The orc priest is heavily wounded.
The orc priest mumbles some strange prayers to Beogh against you.
Beogh smites you!
Ouch! That really hurt!
You die...

######### #.......##
##.#.......
#.....#..##
##..#....... ######
#...#..#....
#)o@.####...........
#'##.........<.#.##.
#..
##.#..∩†.........
#$8o
#...............
#.$.
##..#...##......
#.8o ##.#...# .....(
##._ #.#..## ..)..#
### .....# ......
#.#### ##....


You could see an orc priest.

Vanquished Creatures
  3 dart slugs (D:1)
  2 orcs (D:3)
  5 endoplasms
  2 hobgoblins (D:1)
  A quokka (D:3)
  7 ball pythons (D:1)
  A bat (D:2)
  4 goblins
  2 kobolds (D:1)
  A rat (D:2)
28 creatures vanquished.

Notes
Turn   | Place    | Note
-------+----------+-------------------------------------------
     0 | D:1      | Gottschkopf the Deep Elf Conjurer began the quest for the
                  | Orb.
     0 | D:1      | Reached XP level 1. HP: 10/10 MP: 6/6
   130 | D:1      | Reached XP level 2. HP: 15/15 MP: 1/8
   207 | D:1      | Reached skill level 5 in Conjurations
   291 | D:1      | Learned a level 2 spell: Searing Ray
   862 | D:2      | Reached XP level 3. HP: 19/19 MP: 7/9
  1036 | D:2      | Found a faded altar of an unknown god.
  1159 | D:2      | Prayed at the altar of an unknown god.
  1159 | D:2      | Became a worshipper of Warmaster Okawaru
  1159 | D:2      | Reached * piety under Okawaru
  1192 | D:3      | Found Xaimox's General Store.
  1250 | D:3      | Killed from afar by an orc priest

Illustrated notes

Levels and vault maps discovered:
D:1:      denvon_arrival_planthouse, layout_rooms, minmay_misc_feat_five,
          kennysheep_nondescript
D:2:      layout_loops_ring, shapermc_ecumenical_altar_mp_highgroup,
          minmay_misc_feat_pillars
D:3:      layout_loops_cross, mainiacjoe_overflow_big_doors, serial_shops, shop,
          kennysheep_orc_chapel

Skill      XL: |  1  2 |
---------------+-------+-----
Conjurations   | 5 |  5.6
Dodging        | |  2.4
Stealth        | |  2.4
Spellcasting   | |  3.0

Action                     || total
---------------------------++-------
  Melee: Dagger            ||     1
   Cast: Magic Dart        ||    52
         Searing Ray       ||     1
 Armour: Robe              ||     2
  Dodge: Dodged            ||     2
